 Dungeon Crawl Stone Soup version 0.25-a0-734-g73332aeda9 (webtiles) character file.

Game seed: 17825091073201130756, levelgen mode: deterministic

833 kae the Conjurer (level 7, 0/42 HPs)
             Began as a Tengu Air Elementalist on Apr 10, 2020.
             Was an Initiate of Vehumet.
             Slain by an orc warrior
             ... wielding a +0 hand axe
              (12 damage)
             ... on level 6 of the Dungeon.
             The game lasted 00:07:37 (7903 turns).

kae the Conjurer (Tengu Air Elementalist)           Turns: 7903, Time: 00:07:38

Health: 0/42       AC:  4    Str:  8    XL:     7   Next: 98%
Magic:  0/13       EV: 15    Int: 18    God:    Vehumet [......]
Gold:   258        SH:  0    Dex: 14    Spells: 3/13 levels left

rFire    + . .     SeeInvis .   x - +0 spear
rCold    . . .     Gourm    .   (no shield)
rNeg     . . .     Faith    .   a - +0 robe
rPois    .         Spirit   +   (helmet restricted)
rElec    .         Reflect  .   l - +1 cloak
rCorr    +         Harm     .   (no gloves)
MR       .....                  (boots unavailable)
Stlth    ++........             v - amulet of guardian spirit
HPRegen  0.14/turn              b - ring of protection from fire
MPRegen  0.13/turn              j - ring of resist corrosion

@: flying quickly and evasively, quick
A: beak, talons 3, able to fly
a: Stop Flying, Renounce Religion


You were on level 6 of the Dungeon.
You worshipped Vehumet.
Vehumet was noncommittal.
You were not hungry.

You visited 2 branches of the dungeon, and saw 7 of its levels.
You also visited: Sewer.

You collected 258 gold pieces.

Inventory:

Hand Weapons
 g - a +0 short sword
 s - a +0 glaive
 x - a +0 spear (weapon)
Armour
 a - a +0 robe (worn)
 l - a +1 cloak (worn)
Jewellery
 b - a ring of protection from fire (left hand)
 j - a ring of resist corrosion (right hand)
 v - an amulet of guardian spirit (around neck)
 w - an uncursed amulet of harm
 A - a cursed amulet of inaccuracy {unknown}
Scrolls
 d - 3 scrolls of teleportation
 f - 2 scrolls of remove curse
 m - 3 scrolls of magic mapping
 o - a scroll of enchant armour
 t - a scroll of identify
 y - a scroll of fear {unknown}
Potions
 e - a potion of stabbing
 h - a potion of magic
 i - 3 potions of curing
 k - 2 potions of ambrosia
 n - a potion of invisibility
 p - 2 potions of brilliance
 q - 3 potions of haste {unknown}
 r - 2 potions of heal wounds
 u - 2 potions of might {unknown}
 B - a potion of flight {unknown}
Comestibles
 c - 11 rations


   Skills:
 + Level 3.6 Fighting
 - Level 2.1 Dodging
 - Level 2.0 Stealth
 + Level 3.9 Spellcasting
 * Level 7.1 Conjurations
 + Level 6.4 Air Magic


You had 3 spell levels left.
You knew the following spells:

 Your Spells              Type           Power        Failure   Level  Hunger
a - Shock                 Conj/Air       ####         1%          1    None
b - Static Discharge      Conj/Air       ####....     2%          3    ###....
c - Airstrike             Air            ####......   11%         4    ####...
d - Swiftness             Chrm/Air       ###.....     6%          2    ##.....

Your spell library contained the following spells:

 Spells                   Type           Power        Failure   Level  Hunger
 Magic Dart               Conj           ####         1%          1    None
 Mephitic Cloud           Conj/Pois/Air  ###.....     7%          3    ###....
 Conjure Flame            Conj/Fire      ###.....     11%         3    ###....
 Blink                    Tloc           N/A          22%         2    ##.....
 Call Imp                 Summ           #.......     22%         2    ##.....
 Slow                     Hex            #.......     22%         2    ##.....
 Lightning Bolt           Conj/Air       ####......   26%         5    ######.


Dungeon Overview and Level Annotations

Branches:
Dungeon (6/15)             Temple (1/1) D:4           Sewer (visited)

Altars:
Ashenzari
Dithmenos
Elyvilon
Fedhas
Gozag
Hepliaklqana
Kikubaaqudgha
Makhleb
Nemelex Xobeh
Okawaru
Ru
Trog
Uskayaw
Vehumet
Wu Jian
Xom
Yredelemnul
Zin
The Shining One

Shops:
D:4 }

Annotations:
D:3 1 runed translucent door, exclusion: upstairs, Killmatronix's ghost, amateur OpHu
D:5 Grinder


Innate Abilities, Weirdness & Mutations

You have a beak for a mouth.
You have claws for feet.
You can fly continuously.


Message History

The orc warrior hits you with a +0 hand axe.
Casting: Shock (safe; 1% risk of failure)
Confirm with . or Enter, or press ? or * to list all spells.
Aiming: Shock (safe; 1% risk of failure)
Press: ? - help, Shift-Dir - straight line, f/p - orc warrior
Aim: an orc warrior, wielding a +0 hand axe and wearing a +0 chain mail (severely wounded)
The zap hits the orc warrior but does no damage.
The orc warrior is severely wounded.
The orc warrior hits you with a +0 hand axe!
Casting: Shock (safe; 1% risk of failure)
Confirm with . or Enter, or press ? or * to list all spells.
You don't have enough magic to cast that spell.
You closely miss the orc warrior.
The orc warrior is severely wounded.
The orc warrior hits you with a +0 hand axe!!
* * * LOW HITPOINT WARNING * * *
You closely miss the orc warrior. Your peck misses the orc warrior.
The orc warrior is severely wounded.
The orc warrior hits you with a +0 hand axe!
You die...

#.# .# #. .# #.# .# #. ##.##
#.# #.# #.. ..^. #####.#######
##.#####.## #..#S#
.....#......# #.........#
#..#.# ###.###.###.##
#(#.......###..#.# ##.##
##.#...###.#...........)...
#.##
##........#.)......##.....
##.##
##.#...###@#.......###o##.#
###.###.###.##
#o#.......###.##.# ..(#<#.##
#.# #.)...).......##[#
#.###.## #.#
###.......##..##.#
#(##...####.# #.......##......
#...........# #....o..##.o...#
#........#### #.......##†#####
.........# #.#.....##)##
#........#########.#.<....)..#


You could see an orc warrior.

Vanquished Creatures
  A centaur (D:6)
  A bullfrog (D:6)
  A scorpion (D:4)
  A crimson imp (D:6)
  An orc priest (D:6)
  2 hounds (D:4)
  A bullfrog skeleton (D:6)
  3 orc wizards
  Natasha (twice) (D:2)
  2 worker ants
  A hound skeleton (D:2)
  Robin (D:3)
  10 adders
  A shadow imp (D:6)
  4 oozes
  2 adder zombies (D:6)
  6 worms
  4 dart slugs
  3 leopard geckos
  9 orcs
  5 ball pythons
  7 giant cockroaches
  15 goblins
  8 hobgoblins
  14 jackals
  2 quokkas (D:2)
  9 bats
  4 frilled lizards
  13 kobolds
  11 rats
  A plant (Sewer)
145 creatures vanquished.

Vanquished Creatures (others)
  A hound (D:6)
1 creature vanquished.

Grand Total: 146 creatures vanquished

Notes
Turn   | Place    | Note
-------+----------+-------------------------------------------
     0 | D:1      | kae the Tengu Air Elementalist began the quest for the Orb.
     0 | D:1      | Reached XP level 1. HP: 10/10 MP: 4/4
   482 | D:1      | Reached skill level 2 in Conjurations
   482 | D:1      | Reached XP level 2. HP: 16/16 MP: 4/6
   891 | D:1      | Reached XP level 3. HP: 20/20 MP: 3/7
   957 | D:1      | Reached skill level 1 in Fighting
  1094 | D:1      | Reached skill level 3 in Conjurations
  1617 | D:2      | Found a faded altar of an unknown god.
  1759 | D:2      | Reached XP level 4. HP: 25/25 MP: 8/8
  1775 | D:2      | Learned a level 3 spell: Static Discharge
  2129 | D:2      | Noticed Natasha
  2139 | D:2      | Killed Natasha
  2139 | D:2      | Reached skill level 4 in Conjurations
  2139 | D:2      | Gained mutation: You can fly continuously. [Tengu growth]
  2139 | D:2      | Reached XP level 5. HP: 12/30 MP: 2/10
  2334 | D:2      | Noticed Natasha
  2346 | D:2      | Killed Natasha
  2346 | D:2      | Reached skill level 5 in Air Magic
  3170 | D:3      | Found a sparkling altar of Nemelex Xobeh.
  3391 | D:3      | Found a shimmering altar of Xom.
  3457 | D:3      | Found a runed translucent door.
  3457 | D:3      | Noticed Killmatronix's ghost (amateur OpHu)
  3465 | D:3      | Noticed Robin
  3756 | D:3      | Killed Robin
  4327 | D:3      | Reached XP level 6. HP: 35/35 MP: 9/11
  4561 | D:2      | Found a bloodstained altar of Trog.
  4642 | D:4      | Reached skill level 5 in Conjurations
  4695 | D:4      | Found a glowing drain.
  4853 | Sewer    | Entered a sewer
  5795 | D:4      | Found Suiddum's Gadget Shoppe.
  5860 | D:4      | Found a staircase to the Ecumenical Temple.
  5889 | Temple   | Entered the Ecumenical Temple
  5923 | Temple   | Became a worshipper of Vehumet
  6148 | D:4      | Reached XP level 7. HP: 33/40 MP: 8/13
  6516 | D:5      | Entered Level 5 of the Dungeon
  6607 | D:5      | Reached skill level 6 in Conjurations
  6642 | D:5      | Noticed Grinder
  6886 | D:5      | Learned a level 4 spell: Airstrike
  6889 | D:5      | Learned a level 2 spell: Swiftness
  7530 | D:6      | Reached skill level 7 in Conjurations
  7903 | D:6      | Slain by an orc warrior

Levels and vault maps discovered:
D:1:      dpeg_arrival_snail, layout_loops_ring
D:2:      lemuel_upstairs_altar, layout_basic, chequers_ecumenical_altar_island,
          minivault_5, uniq_natasha
D:3:      layout_rooms, xom_teletrap_fun, nemelex_xobeh_ov_fountains_minmay,
          gammafunk_ghost_grave, uniq_robin
D:4:      layout_loops_ring, minmay_temple_entry_sparse_star,
          portal_sewer_entry_c, serial_shops, kennysheep_mini, st_stairs_12
D:5:      layout_basic, first_ration, uniq_grinder
D:6:      layout_loops_ring, serial_shops, kennysheep_little_box, moated_statue
Temple:   minmay_temple_bridge_d

Skill      XL: |  1  2  3  4  5  6  7 |
---------------+----------------------+-----
Conjurations   | 2 3 4 5 7 |  7.1
Fighting       | 1 2 3 |  3.6
Air Magic      | 5 6 |  6.4
Spellcasting   | 3 |  3.9
Dodging        | |  2.1
Stealth        | |  2.0

Action                   |  1- 3 |  4- 6 |  7- 9 || total
-------------------------+-------+-------+-------++-------
Melee: Unarmed           |    36 |       |       ||    36
       Kick              |    19 |    40 |     6 ||    65
       Peck              |     6 |    28 |     3 ||    37
       Short sword       |    24 |    33 |       ||    57
       Glaive            |       |    19 |       ||    19
       Spear             |       |   103 |    28 ||   131
 Cast: Shock             |    65 |   139 |    74 ||   278
       Static Discharge  |       |     2 |       ||     2
 Abil: Fly               |       |     1 |       ||     1
  Use: Scroll            |       |    15 |     2 ||    17
       Potion            |       |       |     1 ||     1
 Stab: Sleeping          |       |     4 |       ||     4
       Invisible         |       |       |     3 ||     3
  Eat: Ration            |     1 |     1 |       ||     2
       Chunk             |       |    12 |     4 ||    16
Armor: Robe              |    16 |    27 |     9 ||    52
Dodge: Dodged            |    52 |    69 |    35 ||   156

Table legend:
 A = Non-vault XP
 B = Vault XP
 C = Vault XP percentage of total XP
 D = Non-vault monster count
 E = Vault monster count
 F = Vault count percentage of total count
                 A         B        C        D         E       F
            +---------+---------+-------+---------+---------+-------
      Total |    1021 |     169 |  14.2 |     104 |      40 |  27.8
            +---------+---------+-------+---------+---------+-------
        D:1 |      67 |       0 |   0.0 |      31 |       0 |   0.0
        D:2 |     154 |      36 |  18.9 |      32 |       2 |   5.9
        D:3 |      32 |      35 |  52.2 |      13 |      11 |  45.8
        D:4 |     227 |      31 |  12.0 |       8 |       7 |  46.7
        D:5 |      77 |       0 |   0.0 |       2 |       0 |   0.0
        D:6 |     464 |       0 |   0.0 |      18 |       0 |   0.0
      Sewer |       0 |      67 | 100.0 |       0 |      20 | 100.0
            +---------+---------+-------+---------+---------+-------
